 Dungeon Crawl Stone Soup version 0.18.1-50-g88ac8fd (webtiles) character file.

258281 ECKUS the Eclecticist (level 19, -1/147 HPs)
             Began as a Mummy Wizard on Feb 12, 2018.
             Was the Champion of Sif Muna.
             Killed from afar by an acid blob (10 damage)
             ... with a splash of acid
             ... on level 6 of the Pits of Slime on Feb 22, 2018.
             The game lasted 11:32:24 (49347 turns).

ECKUS the Eclecticist (Mummy Wizard)               Turns: 49347, Time: 11:32:25

Health: -1/147     AC:  2    Str: 11    XL:     19   Next: 50%
Magic:  50/50      EV:  9    Int: 33    God:    Sif Muna [******]
Gold:   2909       SH:  0    Dex: 10    Spells: 12 memorised, 3 levels left

rFire  . . .     SeeInvis .     A - staff of air
rCold  + . .     Gourm    .     c - +2 robe {rF+}
rNeg   + + +     Faith    .     G - +2 buckler {AC+3}
rPois  ∞         Spirit   .     X - +1 helmet {Int+3}
rElec  +         Dismiss  .     S - +2 cloak
rCorr  .         Reflect  .     Q - +1 pair of gloves {archery}
SustAt .         Harm     .     (no boots)
MR     ++...                    N - amulet of Vitality {Regen+ HP+15}
Stlth  +.........               B - +5 ring of intelligence
                                s - ring of magical power

@: confused, corroded, very slightly contaminated, very resistant to hostile
enchantments, very unstealthy
A: no food or potions, fire vulnerability, cold resistance 1, negative energy
resistance 3, torment resistance, unbreathing, in touch with death 1, restore
body
a: Self-Restoration, Channel Energy, Forget Spell, Renounce Religion
}: 1/15 runes: decaying


You were on level 6 of the Pits of Slime.
You worshipped Sif Muna.
Sif Muna was exalted by your worship.
You were not hungry.

You visited 8 branches of the dungeon, and saw 38 of its levels.
You also visited: Trove, Ossuary and Ice Cave.

You collected 3444 gold pieces.
You spent 535 gold pieces at shops.

Inventory:

Hand Weapons
 v - a +3 whip of electrocution
 x - the +2 war axe "Exof" {freeze, rF+ Int+4}
   (You found it on level 3 of the Lair of Beasts)

   It has been specially enchanted to freeze those struck by it, causing extra
   injury to most foes and up to half again as much damage against particularly
   susceptible opponents.
   It can also slow down cold-blooded creatures.
   It affects your intelligence (+4).
   It protects you from fire.
Missiles
 l - 5 throwing nets (quivered)
Armour
 c - a +2 robe of fire resistance (worn)
 G - a +2 buckler of protection (worn)
 Q - a +1 pair of gloves of archery (worn)
 S - a +2 cloak (worn)
 U - a +0 animal skin of cold resistance
 X - a +1 helmet of intelligence (worn)
Magical Staves
 u - an uncursed staff of fire
 w - an uncursed staff of cold
 A - an uncursed staff of air (weapon)
Jewellery
 d - an uncursed ring of teleportation
 s - a ring of magical power (left hand)
 B - a +5 ring of intelligence (right hand)
 F - an uncursed ring of sustain attributes
 L - an uncursed ring of protection from magic
 N - the amulet of Vitality (around neck) {Regen+ HP+15}
   (You found it on level 8 of the Lair of Beasts)

   [amulet of regeneration]

   It affects your health (+15).
   It increases your rate of regeneration.
 V - an uncursed ring of ice
Wands
 b - a wand of digging (9/24)
 f - a wand of heal wounds (6/9)
 T - a wand of disintegration (6/24)
Scrolls
 e - 9 scrolls of identify
 j - 12 scrolls of remove curse
 k - 2 scrolls of enchant weapon
 m - 6 scrolls of blinking
 n - a scroll of holy word
 p - a scroll of recharging
 q - 2 scrolls of magic mapping
 y - 8 scrolls of teleportation
 z - 2 scrolls of amnesia
 D - 4 scrolls of fear
 W - a scroll of enchant armour
Books
 a - a book of Misfortune

   Spells                             Type                      Level
   a - Confusing Touch                Hexes                        2
   b - Confuse                        Hexes                        3
   c - Gell's Gravitas                Hexes/Translocation          3
   d - Petrify                        Transmutation/Earth          4
   e - Metabolic Englaciation         Hexes/Ice                    5
   f - Yara's Violent Unravelling     Hexes/Transmutation          5
 g - Sif Muna's Catalogue of Evil Hexes
   (Sif Muna gifted it to you on level 6 of the Pits of Slime)

   Spells                             Type                      Level
   a - Slow                           Hexes                        2
   b - Corpse Rot                     Necromancy                   2
   c - Spectral Weapon                Hexes/Charms                 3
   d - Bolt of Draining               Conjuration/Necromancy       5
   e - Cigotuvi's Embrace             Necromancy                   5
   f - Death Channel                  Necromancy                   6
   g - Discord                        Hexes                        8
 t - a book of Annihilations

   Spells                             Type                      Level
   a - Poison Arrow                   Conjuration/Poison           6
   b - Chain Lightning                Conjuration/Air              8
   c - Lehudib's Crystal Spear        Conjuration/Earth            8
   d - Glaciate                       Conjuration/Ice              9
   e - Fire Storm                     Conjuration/Fire             9
 I - the Almanac of Good Luck and Stolen Souls
   (You found it in a treasure trove)

   Spells                             Type                      Level
   a - Vampiric Draining              Necromancy                   3
   b - Animate Dead                   Necromancy                   4
   c - Control Undead                 Necromancy                   4
   d - Bolt of Draining               Conjuration/Necromancy       5
   e - Agony                          Necromancy                   5
 O - a Grand Grimoire

   Spells                             Type                      Level
   a - Monstrous Menagerie            Summoning                    7
   b - Summon Greater Demon           Summoning                    7
   c - Malign Gateway                 Summoning/Translocation      7
   d - Summon Horrible Things         Summoning                    8
Miscellaneous
 J - a phantom mirror


   Skills:
 - Level 7.3 Fighting
 - Level 6.0 Dodging
 - Level 1.5 Stealth
 - Level 4.0 Shields
 - Level 18.0 Spellcasting
 - Level 14.0 Conjurations
 - Level 8.0 Charms
 - Level 3.1 Summonings
 - Level 2.1 Translocations
 - Level 1.0 Transmutations
 - Level 2.1 Fire Magic
 - Level 10.0 Ice Magic
 + Level 11.5 Air Magic
 - Level 7.0 Poison Magic
 - Level 4.4 Invocations


You had 3 spell levels left.
You knew the following spells:

 Your Spells              Type           Power        Failure   Level  Hunger
a - Magic Dart            Conj           ####         0%          1    N/A
b - Summon Ice Beast      Ice/Summ       ######..     1%          4    N/A
c - Deflect Missiles      Chrm/Air       #######...   4%          6    N/A
d - Haste                 Chrm           ######..     10%         6    N/A
e - Conjure Ball Lightni  Conj/Air       ########..   1%          6    N/A
f - Blink                 Tloc           N/A          1%          2    N/A
g - Olgreb's Toxic Radia  Pois           ######..     1%          4    N/A
h - Ignite Poison         Fire/Trmt/Pois ######..     1%          3    N/A
i - Iskenderun's Mystic   Conj           #######.     1%          4    N/A
j - Freezing Cloud        Conj/Ice/Air   ########..   1%          6    N/A
k - Poisonous Cloud       Conj/Pois/Air  ########..   2%          6    N/A
l - Ozocubu's Armour      Chrm/Ice       ######..     1%          3    N/A

Dungeon Overview and Level Annotations

Branches:
Dungeon (10/15)            Temple (1/1) D:6            Lair (8/8) D:9
  Swamp (4/4) Lair:4       Spider (4/4) Lair:4        Slime (6/6) Lair:8
    Orc (2/2) D:9             Elf (3/3) Orc:2

Altars:
Ashenzari
Cheibriados
Dithmenos
Elyvilon
Fedhas
Gozag
Kikubaaqudgha
Makhleb
Nemelex Xobeh
Okawaru
Pakellas
Qazlal
Ru
Sif Muna
Trog
Vehumet
Xom
Yredelemnul
Zin
The Shining One
Lugonu

Shops:
D:4 :*[   D:6 *   Orc:1 (   Orc:2 [%[

Annotations:
D:5 exclusion: downstairs
D:9 exclusion: downstairs
D:10 exclusion: upstairs
Lair:3 exclusion: downstairs
Lair:7 exclusion: downstairs
Spider:3 exclusion: 2 downstairs
Spider:4 Asterion
Slime:5 exclusion: 2 downstairs
Slime:6 Royal Jelly
Elf:2 exclusion: downstairs


Innate Abilities, Weirdness & Mutations

You do not eat or drink.
Your flesh is vulnerable to fire.
You are immune to poison.
Your flesh is cold resistant.
You are immune to negative energy.
You are immune to unholy pain and torment.
You can survive without breathing.
You are in touch with the powers of death.
You can restore your body by infusing magical energy.


Message History

You resist with almost no effort. The acid blob spits acid at you.
The splash of acid hits you!
The acid burns!
The acid blob spits acid at you. The splash of acid hits you!
The acid corrodes you!
The acid burns!
* * * LOW HITPOINT WARNING * * *
Unknown command.
The golden eye blinks at you. You resist with almost no effort.
The acid blob hits you!!
* * * LOW HITPOINT WARNING * * *
You are splashed with acid!
The acid burns!
* * * LOW HITPOINT WARNING * * *
Unknown command.
Unknown command.
You feel less confused. The golden eye blinks at you.
You are confused.
The acid blob spits acid at you. The splash of acid hits you!
You die...

...............
...............
...............
...............
...............
...............
.......GJ.G....
.......@.......
...............
##............#
###...#...#.##
#### ##.# # ##


You could see an acid blob and 2 golden eyes.

Vanquished Creatures
  Nikola (Swamp:3)
  A deep elf blademaster (Elf:3)
  2 deep elf master archers (Elf:3)
  10 acid blobs
  Frances (Swamp:1)
  A thorn hunter (Swamp:4)
  5 deep elf sorcerers
  3 azure jellies
  Donald (Swamp:1)
  An emperor scorpion (Spider:3)
  6 deep elf elementalists (Elf:3)
  An orc warlord (Orc:2)
  4 deep elf demonologists (Elf:3)
  A white draconian (IceCv)
  7 deep elf annihilators
  Azrael (Orc:2)
  3 death oozes
  4 great orbs of eyes
  2 deep elf death magi (Elf:3)
  4 deep elf high priests (Elf:3)
  Josephine (Lair:4)
  2 entropy weavers
  25 hydras
  A catoblepas (Lair:7)
  The ghost of Wizdude the Devastator, a journeyman DECj of Vehumet (Lair:3)
  Erolcha (Orc:1)
  27 dancing weapons
  8 death yaks
  7 alligators
  An orc high priest (Elf:1)
  A spriggan berserker (Swamp:4)
  14 deep elf knights
  A fire crab (shapeshifter) (Elf:2)
  Nergalle (Orc:1)
  A fire crab (Lair:8)
  A ball lightning (Slime:4)
  2 unseen horrors (D:10)
  An unseen horror (shapeshifter) (Elf:1)
  5 deep elf archers
  A wizard (Elf:1)
  2 orc knights (Orc:2)
  4 swamp dragons
  2 shambling mangroves (Swamp:4)
  9 wolf spiders
  4 griffons
  5 shining eyes
  5 oklob plants (Lair:8)
  13 orb spiders
  53 deep elf magi
  5 hornets
  3 elephants (Lair:8)
  An ice statue (IceCv)
  3 moths of wrath (Spider:2)
  7 eyes of devastation
  4 black mambas
  14 spiny frogs
  4 demonic crawlers
  6 komodo dragons
  A komodo dragon (shapeshifter) (Elf:1)
  3 rime drakes
  A yaktaur (shapeshifter) (Elf:1)
  2 spriggan druids
  3 trolls
  14 jumping spiders
  A merfolk (D:9)
  A two-headed ogre (D:9)
  2 giant leeches
  14 polar bears
  11 blink frogs
  A boulder beetle (Spider:1)
  5 bog bodies
  108 slime creatures
  A raiju (shapeshifter) (Elf:1)
  15 spriggans
  Sigmund (D:6)
  A shadow (Swamp:1)
  Eustachio (D:4)
  36 redbacks
  4 air elementals
  2 wraiths (Lair:4)
  42 yaks
  2 water elementals (Elf:1)
  11 tarantellas
  2 hogs (Swamp:2)
  A human (Swamp:2)
  12 vampire mosquitoes
  6 fire elementals
  4 basilisks
  8 hippogriffs
  12 swamp worms
  6 insubstantial wisps
  A warg (Orc:2)
  2 hell hounds (Orc:2)
  6 water moccasins
  8 porcupines
  32 orc warriors
  7 swamp drakes
  19 wasps
  An ice beast (D:9)
  2 sky beasts
  7 eyes of draining
  7 black bears (Lair:8)
  A phantom (D:4)
  A boggart (Elf:1)
  8 ogres
  37 wolves
  14 centaurs
  A necrophage (D:10)
  14 crocodiles
  11 giant frogs
  4 earth elementals
  4 water moccasin zombies (Ossuary)
  A wyvern skeleton (D:9)
  3 scorpions
  11 killer bees
  3 wights (D:9)
  A crimson imp (D:7)
  A giant frog zombie (D:5)
  A centaur zombie (D:6)
  12 hounds
  25 jellies
  12 orc priests
  15 orc wizards
  2 centaur skeletons
  A giant frog skeleton (D:4)
  2 hell rats (Lair:3)
  8 iguanas
  4 worker ants
  27 sheep
  2 big kobold zombies (Ossuary)
  2 mummies (Ossuary)
  4 gnolls (D:7)
  A howler monkey skeleton (D:8)
  5 adders
  87 river rats
  A white imp (Orc:2)
  3 oozes
  2 adder zombies (Ossuary)
  An adder skeleton (D:4)
  3 dart slugs
  5 giant geckos
  71 orcs
  A ball python (D:1)
  5 giant cockroaches
  3 gnoll zombies (Ossuary)
  8 goblins
  10 hobgoblins
  3 jackals
  4 quokkas
  8 bats
  2 giant gecko skeletons
  6 giant newts
  A hobgoblin zombie (Ossuary)
  10 kobolds
  8 kobold zombies (Ossuary)
  4 orc zombies (Ossuary)
  14 rats
  4 briar patches (Swamp:4)
  A crawling corpse (Elf:3)
  3 fungi (Lair:5)
1237 creatures vanquished.

Vanquished Creatures (collateral kills)
  2 acid blobs
  2 thorn hunters (Swamp:4)
  Kirke (Swamp:2)
  An azure jelly (Slime:4)
  A deep elf sorcerer (Elf:3)
  Aizul (Swamp:1)
  A deep elf annihilator (Elf:3)
  2 deep elf death magi (Elf:3)
  4 hydras
  2 alligators (Swamp:3)
  A dancing weapon (Elf:1)
  2 death yaks
  2 small abominations (Elf:3)
  A deep elf knight (Elf:1)
  A wizard (Elf:1)
  A shambling mangrove (Swamp:3)
  5 swamp dragons
  3 deep elf archers
  3 wolf spiders (Spider:3)
  7 deep elf magi
  A spiny frog (Lair:8)
  The ghost of Spacey the Chopper, a novice DsFi of Ashenzari (D:6)
  2 demonic crawlers
  5 jumping spiders
  3 polar bears
  A giant leech (Swamp:1)
  36 slime creatures
  4 bog bodies
  2 air elementals
  14 redbacks
  4 spriggans
  5 tarantellas
  2 yaks
  A basilisk (Lair:7)
  4 wargs
  3 vampire mosquitoes
  3 insubstantial wisps
  6 swamp worms
  A hell hound (Orc:2)
  5 water moccasins
  A porcupine (Lair:7)
  4 swamp drakes
  A black bear (Lair:8)
  2 orc warriors
  3 wasps
  An ogre (Orc:2)
  6 wolves
  2 centaurs (Orc:2)
  A crocodile (Lair:7)
  Blork the orc (D:6)
  A giant frog (Lair:4)
  A big kobold (D:9)
  A gnoll sergeant (D:7)
  A water moccasin zombie (Ossuary)
  3 howler monkeys
  A centaur zombie (D:7)
  A quasit (D:8)
  3 hounds
  A centaur skeleton (D:7)
  3 orc priests
  2 jellies
  5 orc wizards
  3 iguanas
  3 worker ants
  A sheep (Lair:3)
  A big kobold zombie (Ossuary)
  A hound zombie (D:8)
  A gnoll (D:7)
  13 river rats
  5 adders
  A shadow imp (D:10)
  11 white imps (Orc:2)
  An adder zombie (Ossuary)
  6 worms
  17 orcs
  A giant cockroach (D:6)
  A hobgoblin (D:1)
  3 jackals
  2 quokkas (D:4)
  A giant gecko skeleton (D:4)
  A giant newt (D:4)
  A hobgoblin zombie (Ossuary)
  A jackal zombie (D:6)
  2 kobolds (D:9)
  A kobold zombie (Ossuary)
  A rat (Lair:3)
  2 butterflies (Lair:5)
  2 crawling corpses (Elf:3)
  2 fungi
276 creatures vanquished.

Vanquished Creatures (others)
  113 ball lightnings
  A redback (Spider:3)
  A human (Swamp:3)
  17 fungi
  6 plants (Lair:8)
138 creatures vanquished.

Grand Total: 1651 creatures vanquished

Notes
Turn   | Place    | Note
--------------------------------------------------------------
     0 | D:1      | ECKUS the Mummy Wizard began the quest for the Orb.
     0 | D:1      | Reached XP level 1. HP: 13/13 MP: 4/4
   143 | D:1      | Reached skill level 1 in Conjurations
   249 | D:1      | Reached XP level 2. HP: 19/19 MP: 0/6
   307 | D:1      | Learned a level 2 spell: Call Imp
  1365 | D:1      | Reached XP level 3. HP: 24/24 MP: 0/8
  1587 | D:2      | Found a deep blue altar of Sif Muna.
  1595 | D:2      | Became a worshipper of Sif Muna the Loreminder
  1629 | D:2      | Found a faded altar to an unknown god.
  1725 | D:2      | Learned a level 2 spell: Repel Missiles
  1946 | D:1      | Reached skill level 4 in Spellcasting
  2180 | D:2      | Learned a level 3 spell: Conjure Flame
  2180 | D:2      | Found an oddly glowing altar of Pakellas.
  2761 | D:2      | Reached XP level 4. HP: 8/30 MP: 0/10
  4133 | D:3      | Reached skill level 1 in Summonings
  4707 | D:3      | Reached XP level 5. HP: 29/35 MP: 0/11
  5297 | D:4      | Found Zukiro's Book Shoppe.
  5446 | D:4      | Found Seeb's Antique Armour Shop.
  5446 | D:4      | Noticed Eustachio
  5453 | D:4      | Found a sand-covered staircase.
  5459 | Ossuary  | Entered an ossuary
  5721 | Ossuary  | Reached skill level 5 in Spellcasting
  5730 | Ossuary  | Reached * piety under Sif Muna
  6121 | Ossuary  | Reached XP level 6. HP: 41/41 MP: 14/14
  6275 | Ossuary  | Reached skill level 1 in Fire Magic
  6358 | Ossuary  | Reached skill level 6 in Spellcasting
  6393 | Ossuary  | Learned a level 3 spell: Mephitic Cloud
  6396 | Ossuary  | Learned a level 2 spell: Blink
  6832 | D:4      | Reached skill level 1 in Invocations
  6837 | D:4      | Reached XP level 7. HP: 43/46 MP: 2/16
  6899 | D:4      | Found a white marble altar of Elyvilon.
  6949 | D:4      | Reached skill level 1 in Air Magic
  6949 | D:4      | Reached skill level 1 in Poison Magic
  6973 | D:4      | Reached ** piety under Sif Muna
  7030 | D:4      | Found Soziohuxt's General Store.
  7067 | D:4      | Bought an uncursed ring of magical power for 220 gold pieces
  7707 | D:4      | Found an iron altar of Okawaru.
  7759 | D:4      | Reached skill level 7 in Spellcasting
  7854 | D:5      | Entered Level 5 of the Dungeon
  8083 | D:5      | Found a glowing silver altar of Zin.
  8563 | D:6      | Found a bloodstained altar of Trog.
  8577 | D:6      | Noticed Blork the orc
  8637 | D:6      | Found a staircase to the Ecumenical Temple.
  8644 | Temple   | Entered the Ecumenical Temple
  8717 | D:6      | Reached skill level 1 in Translocations
  8803 | D:6      | Killed Blork the orc
  8803 | D:6      | Reached skill level 1 in Charms
  8898 | D:6      | Found Ewosobon's General Store.
  8926 | D:6      | Reached XP level 8. HP: 52/52 MP: 18/18
  8928 | D:6      | Noticed Spacey's ghost (novice DsFi)
  9196 | D:7      | Reached *** piety under Sif Muna
  9477 | D:6      | Found a sacrificial altar of Ru.
 10684 | D:4      | Killed Eustachio
 10684 | D:4      | Reached **** piety under Sif Muna
 10684 | D:4      | Reached skill level 8 in Spellcasting
 10730 | D:4      | Bought a shiny buckler for 112 gold pieces
 10845 | D:6      | Noticed Sigmund
 10853 | D:6      | Killed Sigmund
 10911 | D:6      | Reached XP level 9. HP: 57/57 MP: 21/21
 11114 | D:6      | Killed Spacey's ghost
 11114 | D:6      | Reached skill level 5 in Conjurations
 11379 | D:7      | Reached ***** piety under Sif Muna
 11476 | D:4      | Bought an embroidered hat for 100 gold pieces
 11631 | D:7      | Found a shimmering altar of Xom.
 12124 | D:8      | Reached skill level 9 in Spellcasting
 12280 | D:8      | Learned a level 4 spell: Olgreb's Toxic Radiance
 12547 | D:8      | Found a shattered altar of Ashenzari.
 13377 | D:9      | Reached ****** piety under Sif Muna
 13416 | D:9      | Found a staircase to the Orcish Mines.
 13484 | D:9      | Noticed a troll
 13499 | D:9      | Killed a troll
 13499 | D:9      | Reached XP level 10. HP: 61/63 MP: 20/23
 13659 | D:9      | Received a gift from Sif Muna
 13660 | D:9      | Identified Echuss's Catalogue of Confrontation and Cold (Sif Muna gifted it to you on level 9 of the Dungeon)
 13682 | D:9      | Learned a level 2 spell: Throw Frost
 13821 | D:9      | Found an ancient bone altar of Kikubaaqudgha.
 13821 | D:9      | Found an opulent altar of Gozag.
 13822 | D:9      | Found a basalt altar of Yredelemnul.
 13917 | D:9      | Found a staircase to the Lair.
 13974 | D:9      | Reached skill level 1 in Ice Magic
 14088 | D:10     | Entered Level 10 of the Dungeon
 14280 | D:9      | Learned a level 4 spell: Iskenderun's Mystic Blast
 15138 | D:10     | Received a gift from Sif Muna
 15139 | D:10     | Identified Sif Muna's Grimoire of Frigorific Conjuration (Sif Muna gifted it to you on level 10 of the Dungeon)
 15585 | D:10     | Killed an unseen horror
 15823 | D:10     | Killed an unseen horror
 15887 | Lair:1   | Entered Level 1 of the Lair of Beasts
 15887 | Lair:1   | Noticed a five-headed hydra
 15948 | Lair:1   | Noticed a spiny frog
 15950 | Lair:1   | Noticed a black mamba
 15953 | Lair:1   | Noticed a six-headed hydra
 15980 | Lair:1   | Killed a six-headed hydra
 15980 | Lair:1   | Reached skill level 5 in Poison Magic
 15980 | Lair:1   | Reached XP level 11. HP: 55/68 MP: 1/24
 16060 | Lair:1   | Reached skill level 1 in Fighting
 16520 | Lair:1   | Killed a five-headed hydra
 16614 | Lair:1   | Received a gift from Sif Muna
 16615 | Lair:1   | Identified Sif Muna's Incunabulum of Conjuration and Aid (Sif Muna gifted it to you on level 1 of the Lair of Beasts)
 16657 | Lair:1   | Noticed an eight-headed hydra
 16721 | Lair:1   | Killed an eight-headed hydra
 16996 | Lair:1   | Noticed a seven-headed hydra
 17024 | Lair:1   | Killed a seven-headed hydra
 17446 | Lair:2   | Found a basalt altar of Yredelemnul.
 17486 | Lair:2   | Reached skill level 10 in Spellcasting
 17636 | Lair:2   | Reached skill level 1 in Shields
 17777 | Lair:2   | Got an ancient jade ring
 17778 | Lair:2   | Identified the cursed ring of Fun {EV-3 Int+3} (You found it on level 2 of the Lair of Beasts)
 18532 | Lair:3   | Learned a level 3 spell: Ignite Poison
 18740 | Lair:3   | Reached skill level 1 in Transmutations
 18843 | Lair:3   | Noticed Wizdude's ghost (journeyman DECj)
 18942 | Lair:3   | Killed Wizdude's ghost
 19370 | Lair:3   | Got a warped war axe
 19371 | Lair:3   | Identified the cursed +2 war axe "Exof" {freeze, rF+ Int+4} (You found it on level 3 of the Lair of Beasts)
 19589 | Lair:4   | Found a hole to the Spider Nest.
 19651 | Lair:4   | Noticed a seven-headed hydra
 19714 | Lair:4   | Reached XP level 12. HP: 77/77 MP: 15/26
 19755 | Lair:4   | Noticed Josephine
 19797 | Lair:4   | Killed Josephine
 19797 | Lair:4   | Reached skill level 5 in Air Magic
 19837 | Lair:3   | Learned a level 6 spell: Freezing Cloud
 19984 | Lair:4   | Noticed a six-headed hydra
 19989 | Lair:4   | Killed a six-headed hydra
 19989 | Lair:4   | Received a gift from Sif Muna
 20000 | Lair:4   | Identified Sif Muna's Tome of the Helpful Escort (Sif Muna gifted it to you on level 4 of the Lair of Beasts)
 20021 | Lair:4   | Found a staircase to the Swamp.
 20051 | Lair:4   | Killed a seven-headed hydra
 20051 | Lair:4   | Reached skill level 5 in Ice Magic
 20755 | Lair:5   | Noticed an eight-headed hydra
 20763 | Lair:5   | Killed an eight-headed hydra
 20878 | Lair:5   | Noticed a four-headed hydra
 20884 | Lair:5   | Killed a four-headed hydra
 21679 | Lair:6   | Noticed a six-headed hydra
 21692 | Lair:6   | Killed a six-headed hydra
 21795 | Lair:6   | Identified a scroll of acquirement
 21810 | Lair:6   | Received a gift from Sif Muna
 21812 | Lair:6   | Identified Neiso's Reference Book on Enchantment and the Compass (Sif Muna gifted it to you on level 6 of the Lair of Beasts)
 22813 | Lair:6   | Noticed a seven-headed hydra
 22823 | Lair:6   | Killed a seven-headed hydra
 23040 | Lair:7   | Gained mutation: You are in touch with the powers of death. [Mummy growth]
 23040 | Lair:7   | Gained mutation: You can restore your body by infusing magical energy. [Mummy growth]
 23040 | Lair:7   | Reached XP level 13. HP: 82/82 MP: 24/27
 23065 | Lair:7   | Reached skill level 11 in Spellcasting
 23074 | Lair:7   | Learned a level 4 spell: Summon Ice Beast
 23921 | Lair:7   | Received a gift from Sif Muna
 23933 | Lair:7   | Identified Sif Muna's Incunabulum of Destructive Execration (Sif Muna gifted it to you on level 7 of the Lair of Beasts)
 24056 | Lair:8   | Entered Level 8 of the Lair of Beasts
 24622 | Lair:8   | Received a gift from Sif Muna
 24626 | Lair:8   | Identified Nuvon's Incunabulum of Cloudy Companions (Sif Muna gifted it to you on level 8 of the Lair of Beasts)
 24809 | Lair:8   | Got a scorched broad axe
 24810 | Lair:8   | Identified the +4 broad axe of the Chain {holy, rF+} (You found it on level 8 of the Lair of Beasts)
 25651 | Lair:8   | Reached XP level 14. HP: 61/88 MP: 29/29
 25821 | Lair:8   | Found a staircase to the Slime Pits.
 26209 | Lair:8   | Received a gift from Sif Muna
 26210 | Lair:8   | Identified Sif Muna's Disquisition on Weightlessness (Sif Muna gifted it to you on level 8 of the Lair of Beasts)
 26544 | Orc:1    | Entered Level 1 of the Orcish Mines
 26544 | Orc:1    | Noticed Nergalle
 26550 | Orc:1    | Killed Nergalle
 26644 | Orc:1    | Noticed Erolcha
 26676 | Orc:1    | Killed Erolcha
 26861 | Orc:1    | Found Xearphokk's Weapon Boutique.
 27009 | Orc:2    | Entered Level 2 of the Orcish Mines
 27030 | Orc:2    | Noticed Azrael
 27087 | Orc:2    | Reached skill level 10 in Conjurations
 27218 | Orc:2    | Noticed an orc warlord
 27229 | Orc:2    | Killed an orc warlord
 27336 | Orc:2    | Found Vonuamm's Food Emporium.
 27336 | Orc:2    | Found Seijod's Weapon Boutique.
 27338 | Orc:2    | Found Saughut's Antique Armour Shop.
 27385 | Orc:2    | Found a frozen archway.
 27419 | Orc:2    | Reached skill level 10 in Ice Magic
 27445 | IceCv    | Entered an ice cave
 28041 | IceCv    | Reached skill level 12 in Spellcasting
 28715 | IceCv    | Got a twisted chain mail
 28912 | Orc:2    | Killed Azrael
 28919 | Orc:2    | Received a gift from Sif Muna
 28925 | Orc:2    | Identified Bashrimi's Catalogue of Creation and Good Luck (Sif Muna gifted it to you on level 2 of the Orcish Mines)
 29033 | Orc:2    | Found Vaulluash's Armour Shoppe.
 29044 | Orc:2    | Bought a runed helmet for 103 gold pieces
 29119 | Orc:2    | Found a staircase to the Elven Halls.
 29519 | Lair:1   | Learned a level 6 spell: Poisonous Cloud
 29593 | Spider:1 | Entered Level 1 of the Spider Nest
 30070 | Spider:1 | Reached XP level 15. HP: 93/93 MP: 31/31
 30250 | Spider:1 | You fall through a shaft!
 31691 | Spider:3 | Reached skill level 13 in Spellcasting
 32638 | Spider:3 | Received a gift from Sif Muna
 32639 | Spider:3 | Identified Sif Muna's Tome of Lethal Transmutation (Sif Muna gifted it to you on level 3 of the Spider Nest)
 32996 | Spider:4 | Entered Level 4 of the Spider Nest
 33014 | Spider:4 | Noticed Asterion
 33123 | Swamp:1  | Entered Level 1 of the Swamp
 33241 | Swamp:1  | Noticed Frances
 33255 | Swamp:1  | Killed Frances
 33272 | Swamp:1  | Learned a level 3 spell: Mephitic Cloud
 33500 | Swamp:1  | Noticed Donald
 33506 | Swamp:1  | Killed Donald
 33549 | Swamp:1  | Noticed Aizul
 33560 | Swamp:1  | Killed Aizul
 34227 | Swamp:2  | Noticed Kirke
 34234 | Swamp:2  | Killed Kirke
 34234 | Swamp:2  | Reached XP level 16. HP: 108/108 MP: 19/33
 34458 | Swamp:2  | Reached skill level 14 in Spellcasting
 35036 | Swamp:3  | Received a gift from Sif Muna
 35037 | Swamp:3  | Identified Zoehumoa's Disquisition on Talismans and Arcane Weapons (Sif Muna gifted it to you on level 3 of the Swamp)
 35042 | Swamp:3  | Learned a level 3 spell: Ozocubu's Armour
 35487 | Swamp:3  | Reached skill level 5 in Fighting
 35784 | Swamp:4  | Entered Level 4 of the Swamp
 35917 | Swamp:4  | Noticed Nikola
 35933 | Swamp:3  | Killed Nikola
 36275 | Swamp:4  | Noticed a thorn hunter
 36288 | Swamp:4  | Killed a thorn hunter
 36665 | Swamp:4  | Noticed a thorn hunter
 36675 | Swamp:4  | Killed a thorn hunter
 36788 | Swamp:4  | Noticed a thorn hunter
 36795 | Swamp:4  | Killed a thorn hunter
 36795 | Swamp:4  | Reached skill level 15 in Spellcasting
 36854 | Swamp:4  | Received a gift from Sif Muna
 36855 | Swamp:4  | Identified Geutu's Disquisition on Gliding Cold (Sif Muna gifted it to you on level 4 of the Swamp)
 36863 | Swamp:4  | Learned a level 6 spell: Haste
 36968 | Swamp:4  | Reached skill level 5 in Charms
 37029 | Swamp:4  | Got a decaying rune of Zot
 37613 | Elf:1    | Entered Level 1 of the Elven Halls
 37955 | Elf:1    | Found a portal to a secret trove of treasure.
 38329 | Elf:1    | Reached XP level 17. HP: 111/117 MP: 29/36
 38384 | Elf:1    | You paid a toll of a manual of Slings to enter a treasure trove
 38385 | Trove    | Entered a treasure trove
 38409 | Trove    | Identified Sif Muna's Catalogue of the Warped Frostbite (You found it in a treasure trove)
 38412 | Trove    | Identified the Grimoire of Moulding and Aid
 38437 | Trove    | Identified the Reference Book on the Congealing Compass
 38454 | Trove    | Identified the Tome of the Glacier and Lightness
 38457 | Trove    | Identified the Almanac of Good Luck and Stolen Souls
 39769 | Elf:2    | Received a gift from Sif Muna
 39770 | Elf:2    | Identified Sif Muna's Catalogue of Icy Feathers (Sif Muna gifted it to you on level 2 of the Elven Halls)
 39788 | Elf:2    | Found a huge runed gate.
 39788 | Elf:2    | Found a huge runed gate.
 39788 | Elf:2    | Found a huge runed gate.
 39791 | Elf:2    | Found a huge runed gate.
 39793 | Elf:2    | Found a huge runed gate.
 40556 | Elf:2    | Reached skill level 16 in Spellcasting
 41428 | Elf:2    | Received a gift from Sif Muna
 41429 | Elf:2    | Identified Sif Muna's Incunabulum of Creative Attacks (Sif Muna gifted it to you on level 2 of the Elven Halls)
 41458 | Elf:2    | Learned a level 6 spell: Conjure Ball Lightning
 42121 | Elf:2    | Reached skill level 17 in Spellcasting
 42133 | Elf:3    | Entered Level 3 of the Elven Halls
 42202 | Elf:3    | Noticed a deep elf master archer
 42208 | Elf:3    | Killed a deep elf master archer
 42544 | Elf:3    | Noticed a Hell Sentinel
 42544 | Elf:3    | Reached XP level 18. HP: 123/123 MP: 31/39
 42709 | Elf:3    | Received a gift from Sif Muna
 42975 | Elf:3    | Got a steaming halberd {chop}
 42975 | Elf:3    | Got a twisted trident {pierce}
 43022 | Elf:3    | Identified Sif Muna's Almanac of the Birds and Summoning (Sif Muna gifted it to you on level 3 of the Elven Halls)
 43295 | Elf:3    | Identified the Incunabulum of Moulding and Toxins
 43453 | Elf:3    | Got a topaz-studded leather armour
 43454 | Elf:3    | Identified the +2 leather armour of the Swamp {rElec rN+ Dex-4} (You took it off a deep elf annihilator on level 3 of the Elven Halls)
 43854 | Elf:3    | Reached skill level 10 in Air Magic
 44581 | Lair:1   | Learned a level 6 spell: Deflect Missiles
 44780 | Slime:1  | Entered Level 1 of the Pits of Slime
 44875 | Slime:1  | Received a gift from Sif Muna
 45960 | Slime:2  | Reached skill level 5 in Dodging
 46652 | Slime:4  | Reached XP level 19. HP: 132/132 MP: 31/40
 47581 | Slime:5  | Reached skill level 18 in Spellcasting
 48476 | Slime:6  | Entered Level 6 of the Pits of Slime
 48525 | Slime:6  | Received a gift from Sif Muna
 49269 | Slime:6  | Identified Sif Muna's Catalogue of Evil Hexes (Sif Muna gifted it to you on level 6 of the Pits of Slime)
 49287 | Slime:6  | Noticed the Royal Jelly
 49347 | Slime:6  | Killed from afar by an acid blob

Skill      XL: |  1  2  3  4  5  6  7  8  9 10 11 12 13 14 15 16 17 18 19 |
---------------+----------------------------------------------------------+-----
Conjurations   | 1 2 3 4 5 7 8 9 10 11 12 14 | 14.0
Spellcasting   | 4 5 6 7 8 9 10 11 12 13 15 17 18 | 18.0
Summonings     | 1 2 3 |  3.1
Fire Magic     | 1 2 |  2.1
Invocations    | 1 2 3 4 |  4.4
Air Magic      | 1 2 4 7 8 9 10 11 | 11.5
Poison Magic   | 1 4 5 6 7 |  7.0
Translocations | 1 2 |  2.1
Charms         | 1 3 6 8 |  8.0
Ice Magic      | 2 4 6 9 10 | 10.0
Fighting       | 1 4 6 7 |  7.3
Shields        | 4 |  4.0
Transmutations | 1 |  1.0
Dodging        | 2 3 6 |  6.0
Stealth        | |  1.5

Action                   |  1- 3 |  4- 6 |  7- 9 | 10-12 | 13-15 | 16-18 | 19-21 || total
-------------------------+-------+-------+-------+-------+-------+-------+-------++-------
Melee: Short sword       |    27 |    33 |       |       |       |       |       ||    60
       Falchion          |       |       |    17 |       |       |       |       ||    17
       Dagger            |       |       |     4 |       |       |       |       ||     4
       Mace              |       |       |     1 |     3 |       |       |       ||     4
       War axe           |       |       |       |     8 |     9 |    42 |       ||    59
       Whip              |       |       |       |       |     2 |    13 |    14 ||    29
       Rapier            |       |       |       |       |       |     6 |       ||     6
       Staff             |       |       |       |       |       |    12 |     1 ||    13
Throw: Stone             |    26 |    19 |       |       |       |       |       ||    45
 Cast: Magic Dart        |    99 |   144 |   284 |   158 |    47 |    77 |    11 ||   820
       Call Imp          |    18 |    47 |   453 |   461 |       |       |       ||   979
       Conjure Flame     |     2 |    17 |   117 |    84 |    36 |       |       ||   256
       Repel Missiles    |     1 |     2 |       |       |     2 |     2 |       ||     7
       Mephitic Cloud    |       |       |    36 |    23 |     3 |    10 |       ||    72
       Olgreb's Toxic Ra |       |       |    23 |   141 |   236 |    68 |       ||   468
       Iskenderun's Myst |       |       |       |   121 |    45 |   236 |    35 ||   437
       Blink             |       |       |       |    16 |     9 |     6 |     2 ||    33
       Throw Frost       |       |       |       |     3 |       |       |       ||     3
       Ignite Poison     |       |       |       |    58 |   172 |    37 |     1 ||   268
       Freezing Cloud    |       |       |       |     4 |    75 |   262 |    19 ||   360
       Summon Ice Beast  |       |       |       |       |   569 |   573 |    37 ||  1179
       Poisonous Cloud   |       |       |       |       |    12 |    12 |     2 ||    26
       Ozocubu's Armour  |       |       |       |       |       |    22 |     1 ||    23
       Haste             |       |       |       |       |       |    12 |     7 ||    19
       Conjure Ball Ligh |       |       |       |       |       |    11 |    29 ||    40
       Deflect Missiles  |       |       |       |       |       |     1 |     1 ||     2
Invok: Channel Energy    |       |    65 |   756 |   970 |  1632 |  1785 |   170 ||  5378
       Forget Spell      |       |       |       |     2 |       |       |       ||     2
Evoke: Wand              |       |       |       |     5 |     3 |     8 |     9 ||    25
  Use: Scroll            |     1 |     7 |     5 |    14 |     8 |    17 |     3 ||    55
Armor: Robe              |    14 |    13 |    29 |    28 |    73 |    37 |    41 ||   235
       Animal skin       |       |       |       |       |       |    34 |       ||    34
Dodge: Dodged            |    38 |    45 |    68 |    52 |   115 |   108 |    41 ||   467
       Deflected         |       |     2 |     3 |     1 |    16 |    20 |    10 ||    52
Block: Buckler           |       |       |     4 |     4 |    59 |    54 |    19 ||   140
